 Dungeon Crawl Stone Soup version 0.23.2-33-g5129a83184 (webtiles) character file.

Game seed: 8354865323323867177

513 H0rd4k the Ducker (level 7, -5/50 HPs)
             Began as a Human Artificer on July 25, 2019.
             Killed from afar by an orc wizard (11 damage)
             ... with a puff of flame
             ... on level 5 of the Dungeon.
             The game lasted 00:09:13 (6406 turns).

H0rd4k the Ducker (Human Artificer)                 Turns: 6406, Time: 00:09:14

Health: -5/50      AC:  4    Str: 15    XL:     7   Next: 43%
Magic:  0/9        EV: 13    Int: 11    God:
Gold:   156        SH:  0    Dex: 15    Spells: 6/6 levels left

rFire    . . .     SeeInvis .   l - +1 mace "Bamueff" {crush, Dex+2 Stlth+} (curse)
rCold    . . .     Gourm    .   (no shield)
rNeg     . . .     Faith    .   b - +0 leather armour
rPois    .         Spirit   +   (no helmet)
rElec    .         Reflect  .   (no cloak)
rCorr    .         Harm     .   (no gloves)
MR       .....                  h - +0 pair of boots
Stlth    +++.......             t - amulet of guardian spirit
HPRegen  0.16/turn              (no ring)
MPRegen  0.11/turn              (no ring)

@: no status effects
A: no striking features
a: no special abilities


You were on level 5 of the Dungeon.
You were near starving.

You visited 1 branch of the dungeon, and saw 6 of its levels.

You collected 156 gold pieces.

Inventory:

Hand Weapons
 a - a +0 short sword
 l - the cursed +1 mace "Bamueff" (weapon) {crush, Dex+2 Stlth+}
   (You found it on level 4 of the Dungeon)

   It inflicts extra damage upon your enemies.
   It affects your dexterity (+2).
   It makes you more stealthy.
   It has a curse placed upon it.
Missiles
 r - 2 tomahawks of dispersal (quivered)
Armour
 b - a +0 leather armour (worn)
 h - a +0 pair of boots (worn)
Jewellery
 t - an amulet of guardian spirit (around neck)
Wands
 c - a wand of flame (4)
 d - a wand of enslavement (9)
 e - a wand of random effects (15)
Scrolls
 g - 3 scrolls of teleportation {unknown}
 i - 2 scrolls of amnesia {unknown}
 k - 5 scrolls of remove curse {unknown}
 m - a scroll of fear {unknown}
 s - 2 scrolls of enchant armour {unknown}
 u - 2 scrolls of noise {unknown}
 w - a scroll of enchant weapon {unknown}
Potions
 j - a potion of haste
 o - 2 potions of curing
 p - a potion of invisibility
 q - a potion of mutation {unknown}
 v - a potion of degeneration {unknown}
Comestibles
 f - 11 rations


   Skills:
 + Level 2.3 Fighting
 + Level 3.4 Short Blades
 + Level 2.2 Maces & Flails
 + Level 3.2 Armour
 + Level 3.8 Dodging
 + Level 1.8 Stealth
 + Level 3.6 Evocations


You had 6 spell levels left.
You didn't know any spells.
Your spell library was empty.

Dungeon Overview and Level Annotations

Branches:
Dungeon (6/15)
 Temple: D:4-7

Altars:
Cheibriados
Fedhas
Kikubaaqudgha
Nemelex Xobeh
Okawaru
Qazlal
Sif Muna
Yredelemnul

Shops:
D:4 :

Annotations:
D:2 exclusion: downstairs
D:3 2 transporters
D:5 1 runed translucent door, Grinder; haesbaert's ghost, novice OgTm


Message History

The orc wizard is almost dead.
The orc wizard closely misses you.
The orc wizard looks braver for a moment.
You hit the orc wizard but do no damage.
The orc wizard is severely wounded.
The orc wizard points at you and mumbles some strange words.
The puff of frost hits you.
* * * LOW HITPOINT WARNING * * *
The orc wizard points at you and mumbles some strange words.
The puff of frost misses you.
You barely miss the orc wizard.
The orc wizard is severely wounded.
The orc wizard hits you but does no damage.
The orc wizard closely misses you.
You hit the orc wizard.
The orc wizard is almost dead.
The orc wizard barely misses you.
The orc wizard gestures at you while chanting.
The puff of flame hits you!
You die...

# #.....# ♣##.....#
≈≈#.....#############
PP♣#....÷...........#
≈≈≈♣...############.#
≈≈P##.....>..## #.#
≈♣............## #.#
≈≈###.####.....####># ♣≈# #.#
#.....o@.#.# ≈## #.# #.....##.#.#
## #.## ##...###.#.# # #..# ##.##
#.#.############# ♣## ##.## #.##
#......≈........# ♣≈###≈≈≈♣♣##..#
###.##♣P♣#####...
≈P≈≈♣≈≈≈≈≈P##.#####.#≈≈≈≈♣####...
≈≈≈≈≈P≈≈P≈≈≈#.#......≈≈≈PP.......
≈≈≈≈P≈≈≈≈≈≈≈≈.#.##...♣≈≈≈♣♣......


You could see an orc wizard.

Vanquished Creatures
  A scorpion (D:5)
  2 orc priests (D:5)
  A centaur skeleton (D:4)
  2 hounds
  2 worker ants
  Robin (D:3)
  8 adders
  2 worms
  2 dart slugs
  5 leopard geckos
  11 orcs
  9 bats
  A giant cockroach (D:1)
  13 goblins
  13 hobgoblins
  9 jackals
  2 quokkas
  A ball python (D:2)
  4 frilled lizards
  3 kobolds (D:1)
  A quokka skeleton (D:4)
  7 rats
100 creatures vanquished.

Vanquished Creatures (collateral kills)
  A bullfrog (D:6)
  An ooze (D:5)
  4 orcs (D:6)
6 creatures vanquished.

Vanquished Creatures (others)
  A black bear (D:6)
  An orc wizard (D:6)
  An adder (D:5)
3 creatures vanquished.

Grand Total: 109 creatures vanquished

Notes
Turn   | Place    | Note
-------+----------+-------------------------------------------
     0 | D:1      | H0rd4k the Human Artificer began the quest for the Orb.
     0 | D:1      | Reached XP level 1. HP: 15/15 MP: 3/3
   185 | D:1      | Reached XP level 2. HP: 14/21 MP: 4/4
  1090 | D:2      | Reached XP level 3. HP: 24/26 MP: 5/5
  1224 | D:2      | Reached skill level 1 in Armour
  1448 | D:2      | Found a blossoming altar of Fedhas.
  1457 | D:2      | Found a stormy altar of Qazlal.
  1508 | D:2      | Reached XP level 4. HP: 27/32 MP: 6/6
  1795 | D:2      | Found an ancient bone altar of Kikubaaqudgha.
  2324 | D:3      | Found a transporter.
  2324 | D:3      | Found a transporter.
  3124 | D:3      | Reached XP level 5. HP: 37/37 MP: 7/7
  3231 | D:3      | You fall through a shaft for 3 floors!
  3232 | D:6      | Noticed a black bear
  3261 | D:6      | Noticed a bullfrog
  3270 | D:6      | Killed a bullfrog
  3315 | D:5      | Entered Level 5 of the Dungeon
  3651 | D:3      | Noticed Robin
  3837 | D:3      | Killed Robin
  3906 | D:3      | Reached XP level 6. HP: 8/43 MP: 8/8
  4827 | D:4      | Got an iridescent mace
  4828 | D:4      | Identified the cursed +1 mace "Bamueff" {crush, Dex+2
                  | Stlth+} (You found it on level 4 of the Dungeon)
  4903 | D:4      | Found Sool's Book Emporium.
  4967 | D:4      | Found a basalt altar of Yredelemnul.
  5001 | D:4      | Found a snail-covered altar of Cheibriados.
  5176 | D:4      | Found a deep blue altar of Sif Muna.
  5407 | D:5      | Noticed Grinder
  5452 | D:5      | Found a runed translucent door.
  5458 | D:5      | Noticed haesbaert's ghost (novice OgTm)
  5512 | D:5      | Reached XP level 7. HP: 38/50 MP: 9/9
  5522 | D:5      | Reached skill level 1 in Maces & Flails
  5940 | D:5      | Found an iron altar of Okawaru.
  5941 | D:5      | Found a sparkling altar of Nemelex Xobeh.
  6406 | D:5      | Killed from afar by an orc wizard

Skill      XL: |  1  2  3  4  5  6  7 |
---------------+----------------------+-----
Armour         | 1 2 3 |  3.2
Short Blades   | 2 3 |  3.4
Dodging        | 3 |  3.8
Fighting       | 2 |  2.3
Maces & Flails | 2 |  2.2
Stealth        | |  1.8
Evocations     | |  3.6

Action                   |  1- 3 |  4- 6 |  7- 9 || total
-------------------------+-------+-------+-------++-------
Melee: Short sword       |   113 |   343 |       ||   456
       Mace              |       |    46 |    54 ||   100
Evoke: Wand              |     4 |    13 |       ||    17
  Use: Scroll            |       |     4 |       ||     4
       Potion            |       |       |     2 ||     2
 Stab: Sleeping          |       |     1 |     1 ||     2
  Eat: Chunk             |     1 |    10 |     2 ||    13
       Ration            |       |     1 |       ||     1
Armor: Leather armour    |    38 |   129 |    14 ||   181
Dodge: Dodged            |    79 |   347 |    30 ||   456
